 Dungeon Crawl Stone Soup version 0.23-a0-143-g1adec7b (console) character file.

100 removed the Magician (level 4, -6/33 HPs)
             Began as a Demigod Summoner on Sept 6, 2018.
             Killed from afar by an orc wizard (8 damage)
             ... with a puff of flame
             ... on level 5 of the Dungeon.
             The game lasted 00:05:25 (2493 turns).

removed the Magician (Demigod Summoner)             Turns: 2493, Time: 00:05:25

Health: -6/33      AC:  4    Str: 11    XL:     4   Next: 23%
Magic:  3/13       EV: 12    Int: 21    God:
Gold:   136        SH:  0    Dex: 16    Spells: 8/11 levels left

rFire    . . .     SeeInvis .   t - +0 hand axe (curse)
rCold    . . .     Gourm    .   (no shield)
rNeg     . . .     Faith    .   f - +0 robe
rPois    .         Spirit   .   (no helmet)
rElec    .         Reflect  .   j - +1 cloak
rCorr    +         Harm     .   (no gloves)
MR       .....                  (no boots)
Stlth    ++........             (no amulet)
HPRegen  0.11/turn              g - ring of wizardry
MPRegen  0.13/turn              o - ring of resist corrosion

@: no status effects
A: high mp 1
a: no special abilities


You were on level 5 of the Dungeon.
You were not hungry.

You visited 1 branch of the dungeon, and saw 4 of its levels.

You collected 136 gold pieces.

Inventory:

Hand Weapons
 a - a +0 long sword
 r - a +0 short sword
 t - a cursed +0 hand axe (weapon)
Armour
 f - a +0 robe (worn)
 j - a +1 cloak (worn)
Jewellery
 g - a ring of wizardry (left hand)
 o - a ring of resist corrosion (right hand)
Scrolls
 e - 2 scrolls of immolation
Potions
 d - a potion of might
 i - a potion of degeneration
 m - a potion of curing
Comestibles
 c - 2 rations


   Skills:
 - Level 1.7 Dodging
 - Level 1.7 Stealth
 + Level 4.0 Spellcasting
 - Level 3.6 Summonings


You had 8 spell levels left.
You knew the following spells:

 Your Spells              Type           Power        Failure   Level  Hunger
a - Summon Small Mammal   Summ           ###.         1%          1    None
b - Call Imp              Summ           ###.....     1%          2    #......

Your spell library contained the following spells:

 Spells                   Type           Power        Failure   Level  Hunger
 Call Canine Familiar     Summ           ###.....     3%          3    ###....
 Summon Guardian Golem    Hex/Summ       ##......     7%          3    ###....
 Summon Ice Beast         Ice/Summ       ##......     22%         4    ####...
 Summon Lightning Spire   Summ/Air       ##......     22%         4    ####...


Dungeon Overview and Level Annotations

Branches:
Dungeon (3/15)             Temple (0/1) D:5


Innate Abilities, Weirdness & Mutations

You have an increased reservoir of magic. (+10% MP)


Message History

A crimson imp comes into view.
The crimson imp shouts!
The orc hits you with a hand axe.
* * * LOW HITPOINT WARNING * * *
Found a ration.
The orc wizard gestures wildly while chanting.
The orc wizard flickers and vanishes!
Deactivating autopickup; reactivate with Ctrl-A.
The gnoll shaman calls upon its god to heal something.
Your magical contamination has completely faded away.
Found a stone staircase leading down.
The crimson imp blinks!
Unknown command.
You hear some strange, mumbled words.
Found a scroll labeled AWAPRUPOESK.
Found a stone staircase leading down.
The gnoll shaman calls upon its god to heal the gnoll.
The gnoll is healed somewhat.
A puff of flame appears from out of thin air!
The puff of flame hits you!
You die...

..... ......... .....
..........
.....###................
.......................⌠
.......>................
...?...............#.⌠.>
....................#...
.......@..........###..⌠
.......#..###5.%.......)
............o....# #.§.
.......##.##....## ####
......#......g..#### #
.##......#.........# #
#..........#.....#####
#......##.##.....##.g.
.........##(....##.g.


You could see a gnoll shaman, a crimson imp and an orc.

Vanquished Creatures
  A gnoll (D:5)
  An adder (D:2)
  A bat (D:2)
  A giant cockroach (D:2)
  3 goblins
  A hobgoblin (D:2)
  A quokka (D:2)
  3 kobolds (D:1)
12 creatures vanquished.

Vanquished Creatures (collateral kills)
  An ogre (D:5)
  Terence (D:2)
  An adder (D:2)
  2 worms (D:2)
  2 leopard geckos (D:1)
  An orc (D:5)
  2 bats (D:1)
  A goblin (D:2)
  3 hobgoblins
  A kobold (D:2)
  A rat (D:1)
16 creatures vanquished.

Grand Total: 28 creatures vanquished

Notes
Turn   | Place    | Note
-------+----------+-------------------------------------------
     0 | D:1      | removed the Demigod Summoner began the quest for the Orb.
     0 | D:1      | Reached XP level 1. HP: 14/14 MP: 5/5
   119 | D:1      | Reached skill level 2 in Spellcasting
   751 | D:1      | Reached XP level 2. HP: 18/20 MP: 8/8
   937 | D:1      | Learned a level 2 spell: Call Imp
  1497 | D:2      | Reached skill level 3 in Spellcasting
  1990 | D:2      | Reached XP level 3. HP: 26/26 MP: 10/10
  2031 | D:2      | Noticed Terence
  2057 | D:2      | Killed Terence
  2442 | D:3      | You fall through a shaft for 2 floors!
  2442 | D:5      | Entered Level 5 of the Dungeon
  2442 | D:5      | Found a staircase to the Ecumenical Temple.
  2442 | D:5      | Noticed an ogre
  2454 | D:5      | Killed an ogre
  2454 | D:5      | Reached XP level 4. HP: 33/33 MP: 3/12
  2463 | D:5      | Reached skill level 4 in Spellcasting
  2483 | D:5      | HP: 1/33 [orc/hand axe (1)]
  2493 | D:5      | Killed from afar by an orc wizard

Vault maps used:
D:1:      dpeg_arrival_renting
D:2:      nrook_mini_vaults, uniq_terence
D:3:      first_ration
D:5:      cheibrodos_ashenzari_chains, temple_fountains, lemuel_another_geyser

Skill      XL: |  1  2  3  4 |
---------------+-------------+-----
Spellcasting   | 2 3 4 |  4.0
Dodging        | |  1.7
Stealth        | |  1.7
Summonings     | |  3.6

Action                   |  1- 3 |  4- 6 || total
-------------------------+-------+-------++-------
Melee: Short sword       |    40 |       ||    40
       Unarmed           |     3 |       ||     3
       Long sword        |     4 |       ||     4
       Hand axe          |       |     4 ||     4
 Cast: Summon Small Mamm |    38 |     2 ||    40
       Call Imp          |     9 |     1 ||    10
  Use: Scroll            |     6 |       ||     6
       Potion            |       |     1 ||     1
 Stab: Sleeping          |     3 |       ||     3
  Eat: Chunk             |     5 |       ||     5
Armor: Robe              |    10 |     4 ||    14
Dodge: Dodged            |    41 |     5 ||    46
       Rpst.: Long sword |     2 |       ||     2

Table legend:
 A = Non-vault XP
 B = Vault XP
 C = Vault XP percentage of total XP
 D = Non-vault monster count
 E = Vault monster count
 F = Vault count percentage of total count
                 A         B        C        D         E       F
            +---------+---------+-------+---------+---------+-------
      Total |     127 |      16 |  11.2 |      27 |       1 |   3.6
            +---------+---------+-------+---------+---------+-------
        D:1 |      18 |       0 |   0.0 |      11 |       0 |   0.0
        D:2 |      38 |      16 |  29.6 |      13 |       1 |   7.1
        D:5 |      71 |       0 |   0.0 |       3 |       0 |   0.0
            +---------+---------+-------+---------+---------+-------
